 Dungeon Crawl Stone Soup version 0.28-a0-612-gcfc00ec14d (webtiles) character file.

Game seed: 6831090260871187931

143399 jasper the Peltast (level 16, -14/120 HPs)
             Began as a Demonspawn Artificer on Oct 5, 2021.
             Was the Champion of Okawaru.
             Demolished by a merfolk impaler (18 damage)
             ... on level 2 of the Shoals on Oct 6, 2021.
             The game lasted 00:59:21 (34209 turns).

jasper the Peltast (Demonspawn Artificer)          Turns: 34209, Time: 00:59:22

Health: -14/120    AC: 28    Str: 14    XL:     16   Next: 82%
Magic:  0/25       EV: 16    Int: 15    God:    Okawaru [******]
Gold:   1562       SH: 26    Dex: 19    Spells: 10/15 levels left

rFire   + + +      SeeInvis .   H - +1 double sword (venom)
rCold   . . .      Faith    .   U - +5 kite shield {rC+ rF+}
rNeg    . . .      Spirit   +   z - +5 fire dragon scales
rPois   .          Reflect  +   (helmet unavailable)
rElec   +          Harm     .   b - +1 cloak {rCorr}
rCorr   +          Rampage  .   m - +1 pair of gloves of Qenamm {rElec Int+2}
Will    ++...                   K - +2 pair of boots
Stlth   ++........              s - amulet of reflection
HPRegen 0.30/turn               R - ring of willpower
MPRegen 0.38/turn               d - ring of flight

@: heroic, flying
A: horns 3, slimy green scales 2, ignite blood 1, magic shield, magic
regeneration
a: Renounce Religion, Heroism, Finesse, Duel


You were on level 2 of the Shoals.
You worshipped Okawaru.
Okawaru was exalted by your worship.
You visited 5 branches of the dungeon, and saw 26 of its levels.
You also visited: Bailey.

You collected 3567 gold pieces.
You spent 2005 gold pieces at shops.

Inventory:

Hand Weapons
 F - a +2 vampiric demon blade
 H - a +1 double sword of venom (weapon)
 Q - a +1 scimitar of flaming
Missiles
 f - 3 atropa-tipped darts
 h - 913 stones
 i - 4 silver javelins
 o - 27 poisoned darts (quivered)
 C - 8 javelins
 I - 9 curare-tipped darts
 J - 8 boomerangs
 P - 7 throwing nets
Armour
 a - a scarf of resistance
 b - a +1 cloak of preservation (worn)
 m - the +1 pair of gloves of Qenamm (worn) {rElec Int+2}
   (Okawaru gifted it to you on level 6 of the Lair of Beasts)

   Int:       It affects your intelligence (+2).
   rElec:     It insulates you from electricity.
 z - +5 fire dragon scales (worn)
 K - a +2 pair of boots (worn)
 U - a +5 kite shield of resistance (worn)
Jewellery
 d - a ring of flight (right hand)
 r - an amulet of regeneration
 s - an amulet of reflection (around neck)
 y - a ring of protection from cold
 R - a ring of willpower (left hand)
Wands
 t - a wand of acid (3)
 X - a wand of digging (7)
Scrolls
 k - 4 scrolls of fear
 l - a scroll of fog
 w - 2 scrolls of enchant weapon
 E - 12 scrolls of teleportation
 O - 4 scrolls of magic mapping
 T - 2 scrolls of immolation
 W - 2 scrolls of blinking
 Y - 6 scrolls of identify
Potions
 c - a potion of berserk rage
 n - 17 potions of curing
 p - a potion of attraction
 q - 4 potions of resistance
 u - 5 potions of cancellation
 x - 4 potions of magic
 A - 2 potions of brilliance
 B - 5 potions of flight
 D - 3 potions of lignification
 G - 2 potions of might
 M - 2 potions of heal wounds
 N - 4 potions of haste
 S - 2 potions of ambrosia
Miscellaneous
 e - a piece from Xom's chessboard (15/15)
 j - a box of beasts
 v - a phial of floods


   Skills:
 - Level 9.5(14.5) Fighting
 + Level 15.4(20.4) Long Blades
 - Level 10.0(15.0) Throwing
 - Level 6.8(11.8) Armour
 - Level 7.8(12.8) Dodging
 - Level 0.8(5.8) Stealth
 - Level 15.6(20.6) Shields
 - Level 2.1 Air Magic
 - Level 12.0 Invocations
 - Level 3.0 Evocations


You had 10 spell levels left.
You knew the following spells:

 Your Spells              Type           Power      Damage    Failure   Level
a - Swiftness             Air            6%         N/A       77%         3
b - Wereblood             Tmut           0%         N/A       83%         2

Your spell library contained the following spells:

 Spells                   Type           Power      Damage    Failure   Level
 Shock                    Conj/Air       12%        1d3       54%         1
 Corpse Rot               Necr/Air       N/A        N/A       69%         2
 Poisonous Vapours        Pois/Air       6%         N/A       69%         2
 Static Discharge         Conj/Air       3%         N/A       69%         2
 Beastly Appendage        Tmut           0%         N/A       71%         1
 Magic Dart               Conj           0%         1d3       71%         1
 Sandblast                Erth           0%         2d4       71%         1
 Ensorcelled Hibernation  Hex/Ice        0%         N/A       83%         2
 Searing Ray              Conj           0%         2d4       83%         2
 Dazzling Flash           Conj/Hex       0%         N/A       97%         3
 Frozen Ramparts          Ice            0%         1d2       97%         3
 Gell's Gravitas          Tloc           0%         N/A       97%         3
 Inner Flame              Hex/Fire       0%         N/A       97%         3
 Lesser Beckoning         Tloc           0%         N/A       97%         3
 Spider Form              Tmut/Pois      0%         N/A       97%         3
 Teleport Other           Tloc           0%         N/A       97%         3
 Airstrike                Air            3%         N/A       99%         4
 Cause Fear               Hex            0%         N/A       100%        4
 Dispel Undead            Necr           0%         3d6       100%        4
 Fulminant Prism          Conj/Hex       0%         3d6       100%        4
 Ice Form                 Ice/Tmut       0%         N/A       100%        4
 Sticky Flame             Conj/Fire      0%         2d3       100%        4
 Agony                    Necr           0%         N/A       100%        5
 Borgnjor's Vile Clutch   Necr/Erth      0%         N/A       100%        5
 Silence                  Hex/Air        1%         N/A       100%        5
 Eringya's Noxious Bog    Tmut/Pois      0%         N/A       100%        6
 Discord                  Hex            0%         N/A       100%        8
 Lehudib's Crystal Spear  Conj/Erth      0%         10d2      100%        8
 Summon Small Mammal      Summ           Unusable   N/A       N/A         1
 Call Canine Familiar     Summ           Unusable   N/A       N/A         3
 Summon Guardian Golem    Hex/Summ       Unusable   N/A       N/A         3
 Animate Dead             Necr           Unusable   N/A       N/A         4
 Summon Ice Beast         Ice/Summ       Unusable   N/A       N/A         4
 Death Channel            Necr           Unusable   N/A       N/A         6

Dungeon Overview and Level Annotations

Branches:
Dungeon (15/15)            Temple (1/1) D:6            Lair (6/6) D:11
 Shoals (2/4) Lair:3        Snake (0/4) Lair:4        Slime (0/5) Lair:6
    Orc (2/2) D:11            Elf (0/3) Orc:2        Vaults (0/5) D:13
 Depths (0/4) D:15         Bailey (visited)

Altars:
Ashenzari
Cheibriados
Dithmenos
Elyvilon
Fedhas
Gozag
Hepliaklqana
Kikubaaqudgha
Makhleb
Nemelex Xobeh
Okawaru
Qazlal
Ru
Sif Muna
Trog
Uskayaw
Vehumet
Wu Jian
Xom
Yredelemnul
Zin
The Shining One
Beogh
Jiyva

Shops:
D:4 *   D:15 [   Orc:2 !(**   Shoals:2 !

Annotations:
D:6 3 runed translucent doors, a11behringer's ghost, novice MiFi
D:14 1 runed translucent door, porpoise's ghost, journeyman DECj
Lair:6 1 runed translucent door
Shoals:1 2 runed translucent doors, Hushuuso's ghost, adept SpAE; sleeves's ghost, adept DDMo


Innate Abilities, Weirdness & Mutations

You have a pair of large horns on your head.
You are mostly covered in slimy green scales. (AC +3)
Your demonic aura sometimes causes spilled blood to erupt in flames.
When hurt, damage is shared between your health and your magic reserves.
You regenerate magic rapidly.


Message History

You see here a poisoned dart.
You gain the combat prowess of a mighty hero.
The merfolk javelineer throws a javelin.
The javelin pierces through you!!
* * * LOW HITPOINT WARNING * * *
You block the merfolk impaler's attack. x2
You take 18 damage, and have 11/120 hp.
You now have 2/25 mp.
You don't have enough magic at the moment.
You feel much better. The merfolk impaler barely misses you.
The merfolk impaler hits you but does no damage.
The merfolk javelineer throws a javelin.
The javelin pierces through you!!
* * * LOW HITPOINT WARNING * * *
You block the merfolk impaler's attack.
The merfolk impaler hits you from afar with a +2 demon trident of electrocution!
* * * LOW HITPOINT WARNING * * *
You now have 1/25 mp.
You feel much better.
The merfolk javelineer throws a javelin.
The javelin pierces through you!
* * * LOW HITPOINT WARNING * * *
You block the merfolk impaler's attack. x2
The merfolk impaler hits you but does no damage.
You block the merfolk impaler's attack.
You regained 4 hp, and now have 15/120 hp.
Throw: 5 javelins (silver)
Press: ? - help, Shift-Dir - straight line, f - merfolk javelineer, p - merfolk impaler
Aim: a merfolk javelineer, wielding a +3 spear of flaming, wearing a +0 leather armour and quivering javelins (heavily wounded, very poisoned, 64% to hit)
You throw a silver javelin.
The silver javelin pierces through the merfolk javelineer!
The merfolk javelineer is heavily wounded.
The silver javelin pierces through the merfolk impaler!!!
The merfolk impaler is heavily wounded.
You hear a splash.
The merfolk javelineer throws a javelin.
The javelin pierces through you!
* * * LOW HITPOINT WARNING * * *
You block the merfolk impaler's attack.
The merfolk impaler hits you from afar with a +2 demon trident of electrocution!!
You die...

≈≈≈≈≈≈≈≈≈≈≈≈≈≈≈≈≈≈≈≈≈≈≈≈≈≈
≈≈≈≈≈≈≈.....≈≈#####≈≈.≈≈≈
.≈≈≈≈≈......≈##≈≈≈##≈..≈≈≈
.≈≈≈≈.....^(≈#≈≈≈≈≈#≈..≈≈≈≈
.≈≈≈≈.......≈#≈≈≈≈≈#≈..≈≈≈≈≈
.≈(≈≈.......≈#≈≈≈≈≈#≈..≈≈≈≈≈#
....≈.......≈##≈m≈##≈..≈≈≈≈≈#
.....≈...)..≈≈##m##≈≈..≈≈≈≈≈#
.###.≈.<....≈≈≈.@)≈≈≈≈≈≈≈≈≈≈#
.# #.≈...<.(.≈≈..m≈≈≈≈≈≈≈≈≈≈#
.###.≈≈≈..........≈≈≈≈≈≈≈≈≈≈#
.....≈≈≈≈≈≈≈≈≈≈≈≈≈≈≈≈≈≈≈≈≈≈≈#
...≈≈≈≈≈≈≈≈≈≈≈≈≈≈≈≈≈≈≈≈≈≈≈≈≈#
..≈≈≈≈≈≈≈.....≈≈≈≈≈≈≈≈≈≈≈≈≈≈#
..≈≈≈≈≈≈≈.....≈≈≈≈≈≈≈≈≈≈≈≈≈≈#
.≈.....≈≈.....≈≈≈≈≈≈≈≈≈≈≈≈≈≈#
......≈≈...#...≈≈≈≈≈≈≈≈≈≈≈≈≈#


You could see 2 merfolk impalers and a merfolk javelineer (very poisoned).

Vanquished Creatures
  Polyphemus (Shoals:2)
  A storm dragon (D:13)
  A tengu reaver (D:13)
  2 orc warlords
  A caustic shrike zombie (D:15)
  Louise (D:15)
  An ironbound preserver (D:13)
  A juggernaut skeleton (D:15)
  A merfolk javelineer (Shoals:2)
  A fire dragon (Lair:6)
  Harold (Lair:1)
  A catoblepas (Shoals:2)
  4 boulder beetles
  14 centaur warriors
  10 hydras
  10 two-headed ogres
  A satyr (Shoals:2)
  A merfolk aquamancer (Shoals:1)
  5 tengu warriors
  14 death yaks
  An orc high priest (Orc:2)
  A vampire mage (D:15)
  Nergalle (Lair:3)
  5 sea snakes
  7 skeletal warriors
  A phantasmal warrior (D:13)
  A necromancer (D:15)
  8 harpies
  12 fauns
  2 lindwurms (Lair:6)
  6 orc knights
  A wolf spider (Lair:6)
  5 orc sorcerers
  13 ugly things
  7 manticores
  9 cyclopes
  5 deep elf pyromancers
  A guardian serpent (Lair:6)
  A merfolk siren (Shoals:1)
  10 black mambas
  4 water nymphs
  8 torpor snails
  9 elephants
  3 gargoyles
  2 unseen horrors
  22 cane toads
  Psyche (D:7)
  3 rime drakes
  A yaktaur (D:13)
  A kobold demonologist (D:12)
  2 efreet
  11 komodo dragons
  3 tyrant leeches (Lair:6)
  9 merfolk
  10 trolls
  A polar bear (shapeshifter) (D:15)
  13 hornets
  25 blink frogs
  6 dream sheep
  2 wind drakes
  3 snapping turtles
  Sigmund (D:3)
  2 redbacks (Lair:6)
  A vampire (D:13)
  A shadow (D:11)
  A spriggan skeleton (D:15)
  3 water elementals (Shoals:1)
  15 wyverns
  3 wraiths
  Eustachio (D:5)
  7 basilisks
  2 chaos spawn (D:7)
  42 yaks
  7 vampire mosquitoes
  A warg (Orc:2)
  4 acid dragons
  A human zombie (D:15)
  A naga (Lair:4)
  A floating eye (shapeshifter) (D:14)
  26 water moccasins
  Duvessa (D:7)
  A black bear (D:8)
  A sky beast (D:8)
  A hornet zombie (D:7)
  31 orc warriors
  5 ogres
  6 wolves (Lair:4)
  19 centaurs
  A kobold brigand (D:10)
  17 bullfrogs
  A gnoll sergeant (D:10)
  4 scorpions
  A wyvern zombie (D:7)
  A wyvern skeleton (D:7)
  Dowan (D:7)
  5 killer bees
  7 wights
  7 howler monkeys
  An electric eel (Lair:1)
  A bullfrog zombie (D:5)
  2 centaur zombies
  5 hounds
  3 jellies
  15 orc priests
  A bullfrog skeleton (D:3)
  A gnoll shaman (D:9)
  29 orc wizards
  3 iguanas
  A hound zombie (D:5)
  A hound skeleton (D:5)
  A mummy (D:6)
  12 gnolls
  6 adders
  A howler monkey skeleton (D:4)
  A shadow imp (D:5)
  A white imp (D:5)
  An ufetubus (D:5)
  2 worms (D:4)
  A dart slug (D:1)
  66 orcs
  5 endoplasms
  6 goblins
  4 hobgoblins
  10 kobolds
  3 quokkas
  5 ball pythons
  A ball python zombie (D:1)
  6 bats
  3 frilled lizards
  A goblin zombie (D:6)
  An orc zombie (D:6)
  A quokka zombie (D:1)
  4 rats (D:1)
  A butterfly (Lair:2)
744 creatures vanquished.

Vanquished Creatures (collateral kills)
  An iguana (D:4)
1 creature vanquished.

Vanquished Creatures (others)
  A shadow (D:13)
  An orc priest (Orc:2)
  2 orc wizards
  An orc (D:6)
  48 fungi
  86 plants
  10 withered plants
149 creatures vanquished.

Grand Total: 894 creatures vanquished

Notes
Turn   | Place    | Note
-------+----------+-------------------------------------------
     0 | D:1      | jasper the Demonspawn Artificer began the quest for the
                  | Orb.
     0 | D:1      | Reached XP level 1. HP: 15/15 MP: 1/1
   383 | D:1      | Gained mutation: You have a pair of small horns on your
                  | head. [demonic ancestry]
   383 | D:1      | Reached XP level 2. HP: 12/22 MP: 2/2
  1221 | D:1      | Found a faded altar of an unknown god.
  1287 | D:1      | Reached XP level 3. HP: 26/28 MP: 3/3
  1887 | D:2      | Reached skill level 1 in Long Blades
  2903 | D:3      | Gained mutation: You have a pair of horns on your head.
                  | [demonic ancestry]
  2903 | D:3      | Reached XP level 4. HP: 35/35 MP: 4/4
  3165 | D:3      | Noticed Sigmund
  3176 | D:4      | Noticed a scorpion
  3195 | D:4      | Killed a scorpion
  3196 | D:4      | Gained mutation: You are partially covered in slimy green
                  | scales. (AC +2) [demonic ancestry]
  3196 | D:4      | Reached XP level 5. HP: 41/41 MP: 5/5
  3441 | D:4      | Noticed an ogre
  3478 | D:4      | Killed an ogre
  3479 | D:4      | Reached XP level 6. HP: 5/47 MP: 6/6
  3881 | D:4      | Found Xiphuak's Gadget Gallery.
  4089 | D:4      | Reached skill level 5 in Long Blades
  4799 | D:5      | Entered Level 5 of the Dungeon
  4799 | D:5      | Noticed Eustachio
  4949 | D:5      | Gained mutation: You regenerate magic rapidly. [demonic
                  | ancestry]
  4949 | D:5      | Reached XP level 7. HP: 42/52 MP: 7/7
  5186 | D:6      | Found a runed translucent gate.
  5186 | D:6      | Found a runed translucent gate.
  5186 | D:6      | Found a runed translucent gate.
  5187 | D:6      | Noticed a11behringer's ghost (novice MiFi)
  5331 | D:6      | Found a staircase to the Ecumenical Temple.
  5357 | Temple   | Entered the Ecumenical Temple
  5596 | Temple   | Became a worshipper of Warmaster Okawaru
  6590 | D:7      | Reached * piety under Okawaru
  6591 | D:7      | Gained mutation: When hurt, damage is shared between your
                  | health and your magic reserves. [demonic ancestry]
  6591 | D:7      | Reached XP level 8. HP: 44/58 MP: 8/8
  6622 | D:7      | Noticed a hornet
  6627 | D:7      | Killed a hornet
  6740 | D:7      | Found a shimmering blue altar of Sif Muna.
  6816 | D:7      | Killed an unseen horror
  7031 | D:7      | Noticed Dowan
  7033 | D:7      | Noticed Duvessa
  7041 | D:7      | Killed Duvessa
  7041 | D:7      | Killed Dowan
  7184 | D:7      | Noticed a komodo dragon
  7197 | D:7      | Killed a komodo dragon
  7197 | D:7      | Reached ** piety under Okawaru
  7198 | D:7      | Gained mutation: You have a pair of large horns on your
                  | head. [demonic ancestry]
  7198 | D:7      | Reached XP level 9. HP: 24/63 MP: 3/12
  7416 | D:7      | Noticed a two-headed ogre
  7480 | D:7      | Killed a two-headed ogre
  7481 | D:7      | Reached skill level 5 in Shields
  7912 | D:7      | Learned a level 3 spell: Swiftness
  8205 | D:8      | Noticed Psyche
  8305 | D:5      | Killed Eustachio
  8581 | D:5      | Found a hazy altar of Hepliaklqana.
  8581 | D:5      | Found a blossoming altar of Fedhas.
  8582 | D:5      | Found an ornate altar of the Wu Jian Council.
  8599 | D:5      | Identified the +5 mace of Resourcefulness {holy, rElec rF+
                  | Str+5}
  8656 | D:5      | Found a shadowy altar of Dithmenos.
  8717 | D:5      | Found a broken altar of Ashenzari.
  9050 | D:3      | Found a sparkling altar of Nemelex Xobeh.
  9118 | D:3      | Killed Sigmund
  9118 | D:3      | Reached *** piety under Okawaru
  9930 | D:8      | Reached XP level 10. HP: 70/70 MP: 13/13
 10195 | D:7      | Killed Psyche
 10634 | D:8      | Found a shimmering altar of Xom.
 10634 | D:8      | Found the +7 mace of Variability {chain chaos}
 10654 | D:8      | Identified the +4 whip of Inference {vorpal, rElec Dex+3
                  | SInv}
 10781 | D:8      | Found an ancient bone altar of Kikubaaqudgha.
 10952 | D:8      | Noticed a two-headed ogre
 10998 | D:9      | Noticed a two-headed ogre
 11008 | D:9      | Killed a two-headed ogre
 11008 | D:9      | Reached **** piety under Okawaru
 11009 | D:9      | Reached skill level 10 in Shields
 11178 | D:9      | Reached skill level 5 in Invocations
 11759 | D:9      | Noticed a boulder beetle
 11774 | D:9      | Killed a boulder beetle
 11774 | D:9      | Reached ***** piety under Okawaru
 11956 | D:9      | Found a hide-covered altar of Uskayaw.
 12183 | D:10     | Entered Level 10 of the Dungeon
 12222 | D:10     | Paralysed by a hornet for 3 turns
 12229 | D:10     | Reached skill level 1 in Dodging
 12308 | D:10     | Found a bloodstained altar of Trog.
 12590 | D:10     | Noticed a two-headed ogre
 12620 | D:10     | Killed a two-headed ogre
 12621 | D:10     | Reached skill level 1 in Throwing
 12730 | D:10     | Reached XP level 11. HP: 77/77 MP: 16/16
 13044 | D:10     | Received a gift from Okawaru
 13905 | D:11     | Found a flagged portal.
 13932 | Bailey   | Entered a bailey
 13932 | Bailey   | Noticed an orc knight
 13932 | Bailey   | Noticed an orc knight
 13932 | Bailey   | Noticed an orc knight
 13944 | Bailey   | Killed an orc knight
 13945 | Bailey   | Reached skill level 10 in Long Blades
 13955 | Bailey   | Killed an orc knight
 13955 | Bailey   | Received a gift from Okawaru
 13975 | Bailey   | Killed an orc knight
 14299 | D:11     | Noticed a two-headed ogre
 14315 | D:11     | Killed a two-headed ogre
 14503 | D:11     | Received a gift from Okawaru
 14513 | D:11     | Noticed a two-headed ogre
 14534 | D:11     | Killed a two-headed ogre
 14535 | D:11     | Gained mutation: Your demonic aura sometimes causes spilled
                  | blood to erupt in flames. [demonic ancestry]
 14535 | D:11     | Reached XP level 12. HP: 53/84 MP: 13/17
 14666 | D:11     | Found a staircase to the Lair.
 14703 | D:11     | Noticed a two-headed ogre
 14714 | D:11     | Killed a two-headed ogre
 14752 | D:11     | Found a staircase to the Orcish Mines.
 14885 | D:11     | Found a shimmering altar of Xom.
 14885 | D:11     | Noticed a two-headed ogre
 14902 | D:11     | Killed a two-headed ogre
 14932 | D:11     | Noticed a tengu warrior
 14955 | D:11     | Killed a tengu warrior
 15066 | D:11     | Reached ****** piety under Okawaru
 15484 | Lair:1   | Entered Level 1 of the Lair of Beasts
 15533 | Lair:1   | Identified the amulet of Disaster {Faith rF+ Int-5 Dex+3}
 15625 | Lair:1   | Noticed Harold
 15627 | Lair:1   | You fall into a shaft and drop 1 floor!
 15655 | Lair:2   | Received a gift from Okawaru
 15687 | Lair:2   | Noticed a death yak
 15690 | Lair:2   | Noticed a death yak
 15696 | Lair:2   | Killed a death yak
 15702 | Lair:2   | Killed a death yak
 15834 | Lair:2   | You fall into a shaft and drop 2 floors!
 15836 | Lair:4   | Found a staircase to the Snake Pit.
 15853 | Lair:4   | Got the Tome of the Rocks and Transmutation
 16021 | Lair:4   | Noticed a boulder beetle
 16065 | Lair:4   | Killed a boulder beetle
 16182 | Lair:4   | Reached skill level 5 in Fighting
 16184 | Lair:4   | Reached XP level 13. HP: 89/91 MP: 12/19
 16591 | Lair:4   | Found a hazy altar of Hepliaklqana.
 16819 | Lair:4   | Identified the +11 rapier of the Aged Geomancers {vorpal,
                  | rN+ Will+}
 17460 | Lair:5   | Received a gift from Okawaru
 17869 | Lair:6   | Entered Level 6 of the Lair of Beasts
 17911 | Lair:6   | Found a runed translucent door.
 17911 | Lair:6   | Found a viscous altar of Jiyva.
 17911 | Lair:6   | Found a staircase to the Slime Pits.
 17977 | Lair:6   | Received a gift from Okawaru
 17978 | Lair:6   | Identified the +7 great mace "Xyuxeapp" {distort, Fly rElec
                  | rC+ Int+3}
 18292 | Lair:6   | Identified a scroll of acquirement
 18292 | Lair:6   | Acquired a +2 pair of gloves of strength
 18613 | Lair:6   | Received a gift from Okawaru
 19014 | Lair:6   | Reached XP level 14. HP: 101/101 MP: 19/21
 19513 | Lair:6   | Identified the +1 pair of gloves of Qenamm {rElec Int+2}
                  | (Okawaru gifted it to you on level 6 of the Lair of Beasts)
 19513 | Lair:6   | Received a gift from Okawaru
 19616 | Lair:6   | Found a runed translucent door.
 20079 | Lair:6   | Paralysed by a hornet for 3 turns
 20098 | Lair:6   | Paralysed by a hornet for 1 turns
 20350 | Lair:6   | Reached skill level 15 in Shields
 21148 | Lair:3   | Found a staircase to the Shoals.
 21165 | Lair:3   | Reached skill level 10 in Invocations
 21207 | Lair:3   | Noticed Nergalle
 21230 | Lair:3   | Killed Nergalle
 21362 | Lair:3   | Received a gift from Okawaru
 21527 | Lair:3   | Found a runed translucent door.
 21800 | Lair:3   | Learned a level 2 spell: Wereblood
 22559 | Lair:1   | Killed Harold
 22591 | Lair:1   | Reached skill level 1 in Air Magic
 22773 | Lair:1   | Reached skill level 5 in Throwing
 23147 | Lair:1   | Reached skill level 5 in Dodging
 23513 | Orc:1    | Entered Level 1 of the Orcish Mines
 23622 | Orc:1    | Received a gift from Okawaru
 23623 | Orc:1    | Reached XP level 15. HP: 107/107 MP: 22/24
 23768 | Orc:2    | Entered Level 2 of the Orcish Mines
 23789 | Orc:2    | Noticed an orc warlord
 23841 | Orc:2    | Killed an orc warlord
 23974 | Orc:2    | Found a staircase to the Elven Halls.
 24324 | Orc:2    | Found Izorergh's General Store.
 24324 | Orc:2    | Found Zuvvirah's Assorted Antiques.
 24327 | Orc:2    | Found Tyip's Antique Weapon Shoppe.
 24329 | Orc:2    | Found Pomuum's Weapon Shoppe.
 24353 | Orc:2    | Bought a scroll of teleportation for 36 gold pieces
 24353 | Orc:2    | Bought a potion of curing for 36 gold pieces
 24356 | Orc:2    | Bought a scroll of teleportation for 96 gold pieces
 24356 | Orc:2    | Bought a yellow potion for 28 gold pieces
 24356 | Orc:2    | Bought a potion of heal wounds for 160 gold pieces
 24356 | Orc:2    | Bought 2 bubbling purple potions for 57 gold pieces
 24356 | Orc:2    | Bought a scroll of magic mapping for 112 gold pieces
 24356 | Orc:2    | Bought a potion of heal wounds for 160 gold pieces
 24356 | Orc:2    | Bought a potion of lignification for 96 gold pieces
 24356 | Orc:2    | Bought a scroll of identify for 64 gold pieces
 24356 | Orc:2    | Bought a potion of curing for 96 gold pieces
 24356 | Orc:2    | Bought a scroll of teleportation for 96 gold pieces
 24391 | Orc:2    | Found Maheus's Distillery.
 24412 | Orc:2    | Bought 2 potions of curing for 84 gold pieces
 24412 | Orc:2    | Bought a potion of resistance for 140 gold pieces
 24412 | Orc:2    | Bought a potion of curing for 42 gold pieces
 25741 | D:12     | Identified the +3 chain mail of Focus {Dex+3} (Okawaru
                  | gifted it to you on level 12 of the Dungeon)
 25741 | D:12     | Received a gift from Okawaru
 26656 | D:13     | Noticed a tengu reaver
 26697 | D:13     | Killed a tengu reaver
 26948 | D:13     | Noticed a storm dragon
 26970 | D:13     | Killed a storm dragon
 27056 | D:13     | Reached skill level 5 in Armour
 27115 | D:13     | Noticed an orc warlord
 27155 | D:13     | Killed an orc warlord
 27567 | D:13     | Found a gate to the Vaults.
 27659 | D:13     | Identified the amulet of Divine Compulsion {Spirit -Tele
                  | Will+ Int+9 Dex+2}
 28043 | D:13     | Found an iron altar of Okawaru.
 28160 | D:14     | Identified the +0 buckler "Alahel" {Dex+4} (Okawaru gifted
                  | it to you on level 14 of the Dungeon)
 28160 | D:14     | Received a gift from Okawaru
 28310 | D:14     | Paralysed by a floating eye for 2 turns
 28521 | D:14     | Gained mutation: You are mostly covered in slimy green
                  | scales. (AC +3) [demonic ancestry]
 28521 | D:14     | Reached XP level 16. HP: 113/118 MP: 25/25
 28630 | D:14     | Found a sparkling altar of Nemelex Xobeh.
 28857 | D:14     | Found a runed translucent door.
 28857 | D:14     | Noticed porpoise's ghost (journeyman DECj)
 28972 | D:15     | Entered Level 15 of the Dungeon
 29000 | D:15     | Noticed Louise
 29014 | D:15     | Killed Louise
 29676 | D:15     | Found a staircase to the Depths.
 30053 | D:15     | Found Xoeboz's Antique Armour Shop.
 30343 | Shoals:1 | Entered Level 1 of the Shoals
 31008 | Shoals:1 | Reached skill level 10 in Throwing
 31065 | Shoals:1 | Received a gift from Okawaru
 31552 | Shoals:1 | You are sucked into a shaft and drop 1 floor!
 31610 | Shoals:2 | HP: 6/120 [poisoned by a sea snake]
 32137 | Shoals:1 | Found a large runed translucent door.
 32137 | Shoals:1 | Found a large runed translucent door.
 32267 | Shoals:1 | Noticed Hushuuso's ghost (adept SpAE)
 32268 | Shoals:1 | Noticed sleeves's ghost (adept DDMo)
 33183 | Shoals:2 | Reached skill level 15 in Long Blades
 33366 | Shoals:2 | Noticed Polyphemus
 33833 | Shoals:2 | Found Widuuf's Distillery.
 33843 | Shoals:2 | Bought a potion of curing for 54 gold pieces
 33843 | Shoals:2 | Bought a potion of lignification for 54 gold pieces
 33843 | Shoals:2 | Bought 2 potions of haste for 360 gold pieces
 33843 | Shoals:2 | Bought a potion of heal wounds for 90 gold pieces
 33843 | Shoals:2 | Bought a potion of heal wounds for 90 gold pieces
 33843 | Shoals:2 | Bought a potion of curing for 54 gold pieces
 33936 | Shoals:2 | Killed Polyphemus
 33936 | Shoals:2 | Received a gift from Okawaru
 34209 | Shoals:2 | HP: 4/120 [merfolk javelineer/javelin (11)]
 34209 | Shoals:2 | Demolished by a merfolk impaler

Illustrated notes

Levels and vault maps discovered:
D:1:      saegor_arrival_fortress, layout_loops_ring,
          ebering_ecumenical_altar_mist
D:2:      layout_basic
D:3:      layout_rooms, mainiacjoe_overflow_catwalk, uniq_sigmund
D:4:      layout_cave_pods, grunt_ministairs_3, nicolae_shop_gadgets
D:5:      layout_rooms, ashenzari_altar_1, gammafunk_temple_overflow_claw,
          mainiacjoe_overflow_cross_hatched, uniq_eustachio
D:6:      layout_loops_cross, temple_fountains, gammafunk_ghost_nasty_kobolds,
          nicolae_ossuary_entry_giza
D:7:      layout_basic, led_sif_pool, minivault_19, uniq_duvessa
D:8:      layout_rooms, mainiacjoe_overflow_tiny_flanked,
          minmay_guarded_unrand_variability, uniq_psyche
D:9:      layout_basic, eat_drink_and_be_merry_uskayaw
D:10:     layout_roguey [special_room_orc], amcnicky_altar_gilded,
          mainiacjoe_overflow_concentric_impassable
D:11:     hangedman_cross_cluster, layout_cave_pools, lair_entry_dummy,
          enter_bailey_7
D:12:     layout_stronghold
D:13:     thingy_vault, layout_gridville, skrybe_vaults_entry_preservation,
          kennysheep_okawaru_gauntlet
D:14:     gammafunk_ghost_grave, layout_rooms,
          nemelex_xobeh_ov_fountains_minmay, minmay_bent
D:15:     gammafunk_depths_entry_grave, layout_cave_pools, serial_shops, shop,
          uniq_louise
Temple:   minmay_temple_curvy_loop
Lair:1:   layout_loops_ring, serial_bayou_shore_a, uniq_harold
Lair:2:   layout_concentric_octagons, lemuel_fruit_fields
Lair:3:   layout_roguey, minmay_shoals_entry_beasts, pf_torpor_hydra,
          grunt_megastairs_4, uniq_nergalle
Lair:4:   layout_roguey, guppyfry_snake_entry_garden, basic_altar
Lair:5:   layout_loops_ring, grunt_megastairs_3, lemuel_fruit_tree,
          serial_bayou_shore_b
Lair:6:   wormcave, layout_cave_pods, hangedman_lair_tendril_chambers,
          slime_altar_2, chequers_serial_rivers_micro_e
Shoals:1: layout_shoals, advil_vaults_ghost_guards
Shoals:2: layout_shoals, serial_shops, shop, nicolae_shoals_mertower,
          uniq_polyphemus
Orc:1:    layout_caves
Orc:2:    st_orc_mages, layout_caves, serial_shops, shop

Skill      XL: |  1  2  3  4  5  6  7  8  9 10 11 12 13 14 15 16 |
---------------+-------------------------------------------------+-----
Fighting       | 2 3 4 5 6 8 9 |  9.5
Long Blades    | 2 3 4 6 8 9 11 14 15 | 15.4
Invocations    | 4 7 8 9 12 | 12.0
Shields        | 3 8 10 11 12 13 15 | 15.6
Armour         | 3 5 6 |  6.8
Dodging        | 1 2 4 5 7 |  7.8
Throwing       | 1 2 4 5 8 10 | 10.0
Air Magic      | 1 2 |  2.1
Stealth        | |  0.8
Evocations     | |  3.0

Action                   |  1- 3 |  4- 6 |  7- 9 | 10-12 | 13-15 | 16-18 || total
-------------------------+-------+-------+-------+-------+-------+-------++-------
Melee: Club              |    39 |       |       |       |       |       ||    39
       Short sword       |    58 |    64 |   105 |       |       |       ||   227
       Headbutt          |     7 |    12 |    61 |   176 |   443 |   111 ||   810
       Falchion          |       |       |   171 |   108 |       |       ||   279
       Dagger            |       |       |    35 |    14 |       |       ||    49
       Scimitar          |       |       |       |   292 |    70 |       ||   362
       Unarmed           |       |       |       |     2 |       |       ||     2
       Demon blade       |       |       |       |   256 |  1353 |       ||  1609
       Double sword      |       |       |       |       |   200 |   436 ||   636
Throw: Stone             |    16 |       |       |       |       |       ||    16
       Dart              |     9 |    76 |    56 |    97 |   293 |   263 ||   794
       Boomerang         |       |       |       |       |     8 |     6 ||    14
       Javelin           |       |       |       |       |    28 |    22 ||    50
Invok: Heroism           |       |       |     4 |     6 |     6 |     4 ||    20
       Finesse           |       |       |       |       |     5 |     2 ||     7
Evoke: Wand              |    12 |     4 |    15 |    17 |     1 |       ||    49
       Piece from Xom's  |       |     3 |     4 |       |       |       ||     7
  Use: Scroll            |     7 |     3 |     3 |     5 |    12 |     3 ||    33
       Potion            |       |     1 |     1 |     4 |     1 |     6 ||    13
 Stab: Paralysed         |       |     1 |     2 |       |       |       ||     3
       Sleeping          |       |       |       |     2 |       |       ||     2
       Distracted        |       |       |       |       |     1 |       ||     1
Armor: Leather armour    |    48 |       |    16 |     2 |       |       ||    66
       Ring mail         |     2 |    24 |    60 |       |       |       ||    86
       Acid dragon scale |       |       |       |    83 |    35 |       ||   118
       Skin              |       |       |       |    18 |       |       ||    18
       Fire dragon scale |       |       |       |       |   242 |   211 ||   453
Dodge: Dodged            |    82 |    22 |   131 |   200 |   297 |   155 ||   887
Block: Kite shield       |     4 |    28 |   231 |   603 |  1290 |   695 ||  2851
       Reflection        |       |       |     6 |    36 |    54 |    79 ||   175

Table legend: (Time is in decaauts)
 A = Elapsed time spent in this place.
 B = Non-inter-level travel time spent in this place.
 C = Inter-level travel time spent in this place.
 D = Time resting spent in this place.
 E = Time spent auto-exploring this place.
 F = Levels seen in this place.
 G = Mean time per level.
                   A        B        C        D        E       F      G
               +--------+--------+--------+--------+--------+-----+--------+
         Total |  33342 |  31966 |   1376 |   3716 |  21224 |  27 | 1234.9 |
       Dungeon |  19856 |  18948 |    908 |   2525 |  12545 |  15 | 1323.7 |
        Temple |    256 |    202 |     54 |      0 |    197 |   1 |  256.0 |
          Lair |   8091 |   7754 |    337 |    469 |   5290 |   6 | 1348.5 |
        Shoals |   3305 |   3296 |      9 |    639 |   2022 |   2 | 1652.5 |
  Orcish Mines |   1480 |   1414 |     66 |     49 |    949 |   2 |  740.0 |
        Bailey |    351 |    351 |      0 |     34 |    221 |   1 |  351.0 |
               +--------+--------+--------+--------+--------+-----+--------+

Top non-repeatable levels by time:
     D:7: 2858 daAuts
  Lair:6: 2603 daAuts
     D:4: 1901 daAuts
Shoals:1: 1802 daAuts
    D:13: 1661 daAuts
     D:1: 1592 daAuts
    D:10: 1570 daAuts
  Lair:3: 1537 daAuts
Shoals:2: 1503 daAuts
    D:11: 1409 daAuts
    D:12: 1311 daAuts
     D:9: 1231 daAuts
     D:2: 1202 daAuts
  Lair:4: 1149 daAuts
  Lair:1: 1068 daAuts
